 Dungeon Crawl Stone Soup version 0.31.0-12-g77e489cdc1 (webtiles) character file.

Game seed: 16913542049967751053

50794 spaghetti the Wrestler (level 14, 0/134 (145) HPs)
             Began as a Naga Chaos Knight on Feb 26, 2024.
             Was a Plaything of Xom.
             Slain by a dire elephant (33 damage)
             ... on level 5 of the Lair of Beasts.
             The game lasted 00:17:44 (12478 turns).

spaghetti the Wrestler (Naga Chaos Knight)         Turns: 12478, Time: 00:17:45

HP:   0/134 (145)   AC: 17    Str: 16    XL:     14   Next: 56%
MP:   14/14         EV: 14    Int: 17    God:    Xom [....*.]
Gold: 811           SH:  4    Dex: 11    Spells: 13/13 levels left

rFire   . .          .
                       - Unarmed
rCold   + . .        (no shield)
rNeg    . . .        a - +3 leather armour
rPois   +            b - +1 hat
rElec   .            e - scarf {harm}
rCorr   .            L - +0 pair of gloves
SInv    +            (no barding)
Will    +....        t - amulet of regeneration
Stlth   ++           n - ring of Temptation {rC+ EV+5 Dex-3 Slay+4}
HPRegen 1.22/turn    p - +4 ring of slaying
MPRegen 0.14/turn

%: harm (+30% outgoing, +20% incoming), clarity
@: brilliant, drained, very slow
A: AC +4, large, see invisible, deformed body, poison resistance, slowness 2,
spit poison 1, naga tail 2, iridescent scales 3, large bone plates 1, camouflage
1, agile 1, clarity, clever 1, mutation resistance 1, sense surroundings 1,
robust 1, wild magic 1
a: Spit Poison, Renounce Religion


You were on level 5 of the Lair of Beasts.
You worshipped Xom.
You were a beloved toy of Xom.
You visited 2 branches of the dungeon, and saw 14 of its levels.
You also visited: Ossuary.

You collected 859 gold pieces.
You spent 48 gold pieces at shops.

Inventory:

Missiles
 f - 2 throwing nets
Armour
 a - a +3 leather armour (worn)
 b - a +1 hat (worn)
 e - a scarf of harm (worn)
 A - a +0 helmet
 L - a +0 pair of gloves (worn)
Jewellery
 c - a ring of willpower
 m - a ring of positive energy
 n - the ring of Temptation (left hand) {rC+ EV+5 Dex-3 Slay+4}
   (You acquired it on level 5 of the Dungeon)

   [ring of evasion]

   EV+5:      It affects your evasion (+5).
   Dex-3:     It affects your dexterity (-3).
   Slay+4:    It affects your accuracy & damage with ranged weapons and melee
   (+4).
   rC+:       It protects you from cold.
 p - a +4 ring of slaying (right hand)
 r - a +6 ring of strength
 t - an amulet of regeneration (around neck)
 G - a ring of magical power
 H - a ring of positive energy
 K - a ring of protection from fire
 Q - a +6 ring of strength
Talismans
 x - a maw talisman
Wands
 o - a wand of paralysis (15)
 q - a wand of roots (23)
 v - a wand of mindburst (27)
 w - a wand of flame (37)
 O - a wand of quicksilver (6)
Scrolls
 g - 2 scrolls of amnesia
 l - a scroll of noise
 s - a scroll of immolation
 u - a scroll of blinking
 y - 2 scrolls of vulnerability
 z - 3 scrolls of revelation
 J - 2 scrolls of identify
 M - 2 scrolls of poison
 P - a scroll of silence
Potions
 d - 2 potions of heal wounds
 h - 2 potions of lignification
 i - 4 potions of degeneration
 j - 5 potions of curing
 k - 4 potions of haste
 B - 2 potions of enlightenment
 C - a potion of resistance
 D - 8 potions of ambrosia
 E - 3 potions of invisibility
 F - a potion of brilliance
 N - a potion of attraction
Miscellaneous
 I - a tin of tremorstones (2/2)


   Skills:
 - Level 10.0 Fighting
 - Level 1.5 Armour
 - Level 0.7 Dodging
 - Level 22.4 Unarmed Combat
 + Level 3.1 Evocations


You had 13 spell levels left.
You didn't know any spells.
Your spell library contained the following spells:

 Spells                   Type           Power      Damage    Failure   Level
 Slow                     Hex            0%         N/A       36%         1
 Summon Small Mammal      Summ           0%         N/A       36%         1
 Lesser Beckoning         Tloc           0%         N/A       50%         2
 Call Canine Familiar     Summ           0%         N/A       73%         3
 Confusing Touch          Hex            0%         N/A       73%         3
 Gell's Gravitas          Tloc           0%         N/A       73%         3
 Sigil of Binding         Hex            0%         N/A       73%         3
 Teleport Other           Tloc           0%         N/A       73%         3
 Vampiric Draining        Necr           0%         2d6       73%         3
 Animate Dead             Necr           0%         N/A       98%         4
 Ignite Poison            Fire/Alch      0%         N/A       98%         4
 Sticky Flame             Fire/Alch      0%         2d4       98%         4
 Summon Blazeheart Golem  Fire/Summ      0%         N/A       98%         4
 Borgnjor's Vile Clutch   Necr/Erth      0%         N/A       100%        5
 Death Channel            Necr           0%         N/A       100%        6
 Dispersal                Tloc           0%         N/A       100%        6
 Ignition                 Fire           0%         3d3       100%        8


Dungeon Overview and Level Annotations

Branches:
Dungeon (9/15)             Temple (0/1) D:4            Lair (5/5) D:9
  Swamp (0/4) Lair:3       Spider (0/4) Lair:3        Slime (0/5) Lair:4
Ossuary (visited)
    Orc: D:9-12

Altars:
Cheibriados
Dithmenos
Fedhas
Hepliaklqana
Qazlal
Xom
Jiyva

Shops:
D:9 ?

Annotations:
D:9 1 runed translucent door, Burzz's ghost, novice MiFi
Lair:5 exclusion: oklob plant


Innate Abilities, Weirdness & Mutations

Your serpentine skin is tough. (AC +4)
You have supernaturally acute eyesight. (SInv)
Armour fits poorly on your strangely shaped body.
Your system is resistant to poisons. (rPois)
You cover ground very slowly.
You can spit poison.
You can use your snake-like lower body to constrict enemies.
You are completely covered in iridescent scales. (AC +6)
You are partially covered in large bone plates. (SH +4)
Your skin changes colour to match your surroundings (Stealth+).
You are agile. (Dex +4, Str/Int -1)
You possess an exceptional clarity of mind.
Your mind is acute. (Int +4, Str/Dex -1)
You are somewhat resistant to further mutation.
You passively map a small area around you.
You are robust. (+10% HP)
Your spells are a little harder to cast, but a little more powerful.


Message History

You closely miss the spectral anaconda.
Your punch misses the spectral anaconda.
The spectral anaconda is almost destroyed.
The spectral anaconda misses you. The spectral anaconda constricts you.
You punch the spectral anaconda!
You destroy the spectral anaconda!
Xom complains about the scenery.
Several doors slam shut!
The necromancer hits you but does no damage.
The necromancer gestures at you while chanting.
The bolt of negative energy hits you!!
You feel drained.
* * * LOW HITPOINT WARNING * * *
You closely miss the necromancer. You grab the necromancer.
You constrict the necromancer. You pummel the necromancer!!
The necromancer is heavily wounded.
You constrict the necromancer.
The necromancer points at you and mumbles some strange words.
You resist with some effort.
You pummel the necromancer!!
You kill the necromancer!
Your Evocations skill increases to level 3!
You punch the dire elephant!
The dire elephant is lightly wounded.
You pummel the dire elephant!! Your punch misses the dire elephant.
The dire elephant is moderately wounded.
The dire elephant misses you.
The dire elephant trunk-slaps you but does no damage.
You completely miss the dire elephant.
The dire elephant is moderately wounded.
You pummel the dire elephant!!
The dire elephant is severely wounded.
The dire elephant tramples you!
* * * LOW HITPOINT WARNING * * *
You stumble backwards!
Unknown command.
You hit the dire elephant.
The dire elephant is severely wounded.
The dire elephant tramples you!!
You die...

#...# #.#
,,#####P..## ...###
#.♣# P,+.P8#....#
.....# #..#*
###..'...# .#.#.#
##.♣# #P.P.'...##
..#######..♣
#.#####.P.# .#.##
#....♣##.#..+..###
....#
##P..♣#..#..+.##
....# ##.P##.##..#.#
...#####..###.#.@.###
..## #...♣#..P#8Y8#
.## ##..##.####)##
.## ##.#..#~...# ..##
##.#.##~≈~.. ..†##
#..#.#~~≈≈~~# ##†.#
#..#.#.~≈≈≈~#
#..####.#.##.≈≈~##
##...##.#.####++#


You could see a dire elephant.

Vanquished Creatures
  A dire elephant (Lair:5)
  3 hydras
  Erica (D:9)
  6 death yaks (Lair:5)
  A fire crab (Lair:1)
  2 spriggan druids (Lair:3)
  A spectral anaconda (Lair:5)
  Pikel (D:7)
  A lindwurm (Lair:5)
  4 necromancers (Lair:5)
  4 meliai
  22 elephants
  A dire elephant zombie (Lair:5)
  A gargoyle (D:9)
  5 black mambas
  2 torpor snails
  A rime drake (Lair:3)
  An unseen horror zombie (D:9)
  11 cane toads
  7 komodo dragons
  3 red devils (D:9)
  A queen bee (Lair:4)
  3 polar bears (Lair:3)
  A troll (D:9)
  A hornet (Lair:3)
  3 unseen horror skeletons (D:9)
  6 blink frogs
  2 dream sheep (Lair:4)
  A shadow (D:9)
  4 wyverns
  41 yaks
  A wraith (D:9)
  A dire elephant simulacrum (Lair:5)
  5 basilisks
  A hog (Lair:5)
  A death yak simulacrum (Lair:5)
  2 spectral cane toads (Lair:5)
  16 water moccasins
  Duvessa (D:6)
  3 orc warriors
  4 ice beasts
  A sky beast (D:8)
  2 ogres (D:4)
  2 black bears
  A boggart (shapeshifter) (Lair:5)
  2 elephant skeletons (Lair:5)
  5 centaurs
  2 lemures (D:7)
  A phantom (D:5)
  Blork the orc (D:5)
  2 kobold brigands
  A weeping skull (Ossuary)
  A gnoll sergeant (D:8)
  2 scorpions (D:4)
  8 bullfrogs
  3 cane toad simulacra (Lair:5)
  5 water moccasin zombies (Ossuary)
  7 wights
  Dowan (D:6)
  41 killer bees
  A killer bee (shapeshifter) (D:6)
  2 elephant simulacra (Lair:5)
  A howler monkey (D:4)
  6 jellies
  A bombardier beetle (D:3)
  4 orc priests
  4 iguanas
  7 orc wizards
  A sleepcap (D:5)
  3 crocodile zombies (Ossuary)
  A centaur simulacrum (D:9)
  3 mummies
  9 gnolls
  7 adders
  A shadow imp (D:7)
  3 adder zombies (Ossuary)
  2 dart slugs
  2 ribbon worms (D:2)
  12 orcs
  13 endoplasms
  3 giant cockroaches
  7 gnoll zombies (Ossuary)
  9 goblins
  14 hobgoblins
  4 jackals (D:1)
  19 kobolds
  3 quokkas
  7 ball pythons
  10 bats
  A frilled lizard (D:3)
  A goblin zombie (D:7)
  A hobgoblin zombie (D:7)
  4 jackal zombies (Ossuary)
  3 orc zombies (Ossuary)
  A rat (D:1)
  A butterfly (Lair:4)
436 creatures vanquished.

Vanquished Creatures (collateral kills)
  2 hydras (Lair:5)
  A blink frog (Lair:4)
  A dream sheep (Lair:4)
  A yak (Lair:5)
  A water moccasin (Lair:5)
  An orc warrior (D:7)
  A gnoll bouda (D:5)
  An orc (D:7)
9 creatures vanquished.

Vanquished Creatures (others)
  A death yak (Lair:5)
1 creature vanquished.

Grand Total: 446 creatures vanquished

Notes
Turn   | Place    | Note
-------+----------+-------------------------------------------
     0 | D:1      | spaghetti the Naga Chaos Knight began the quest for the
                  | Orb.
     0 | D:1      | Reached XP level 1. HP: 21/21 MP: 1/1
    17 | D:1      | XOM: silly message
    33 | D:1      | XOM: silly message
    36 | D:1      | XOM: potion effect (berserk rage)
    53 | D:1      | Reached XP level 2. HP: 27/28 MP: 2/2
    59 | D:1      | XOM: silly message
    74 | D:1      | XOM: silly message
   192 | D:1      | XOM: silly message
   283 | D:1      | Reached skill level 4 in Unarmed Combat
   291 | D:1      | Reached XP level 3. HP: 27/34 MP: 3/3
   293 | D:1      | XOM: give mutations
   293 | D:1      | Gained mutation: You expend magic power (3 MP) to
                  | strengthen your wands. [Xom's grace]
   293 | D:1      | Gained mutation: Your flesh is heat resistant. (rF+) [Xom's
                  | grace]
   293 | D:1      | Gained mutation: You are robust. (+10% HP) [Xom's grace]
   293 | D:1      | Gained mutation: You are partially covered in iridescent
                  | scales. (AC +2) [Xom's grace]
   468 | D:1      | XOM: polymorph rat -> goblin
   781 | D:1      | XOM: give mutation
   781 | D:1      | Gained mutation: You possess an exceptional clarity of
                  | mind. [Xom's grace]
  1022 | D:2      | Reached XP level 4. HP: 46/46 MP: 4/4
  1355 | D:2      | XOM is BORED!
  1355 | D:2      | XOM: give mutation
  1355 | D:2      | Gained mutation: You are clumsy. (Dex -2) [Xom's mischief]
  1784 | D:3      | Reached skill level 5 in Unarmed Combat
  1945 | D:3      | Found a faded altar of an unknown god.
  2132 | D:3      | XOM: 10-stop teleportation journey
  2158 | D:3      | XOM: cloud trail
  2195 | D:3      | Reached XP level 5. HP: 44/53 MP: 5/5
  2323 | D:3      | XOM: 1-stop teleportation journey
  2671 | D:3      | XOM: cloud trail
  2715 | D:3      | XOM: noise
  2850 | D:4      | Reached skill level 6 in Unarmed Combat
  2887 | D:4      | Noticed an ogre
  2891 | D:4      | Killed an ogre
  2892 | D:4      | Reached XP level 6. HP: 61/61 MP: 6/6
  2895 | D:4      | Found a staircase to the Ecumenical Temple.
  2943 | D:4      | Reached skill level 7 in Unarmed Combat
  3039 | D:4      | Reached XP level 7. HP: 30/68 MP: 7/7
  3134 | D:4      | XOM: give mutation
  3134 | D:4      | Gained mutation: You have a beak for a mouth. [Xom's grace]
  3210 | D:4      | XOM: polymorph iguana -> orc
  3324 | D:4      | XOM: cleaving
  3331 | D:4      | Reached skill level 8 in Unarmed Combat
  3335 | D:4      | XOM: scenery: create altars
  3551 | D:4      | XOM: divination: magic mapping
  3604 | D:4      | Found a hazy altar of Hepliaklqana.
  3605 | D:4      | Found a stormy altar of Qazlal.
  3608 | D:4      | Found a shadowy altar of Dithmenos.
  3609 | D:4      | Found a blossoming altar of Fedhas.
  3768 | D:4      | XOM: god gift: sedimented amethyst potion {god gift}
  3770 | D:4      | Lost mutation: You have a beak for a mouth. [potion of
                  | mutation]
  3770 | D:4      | Lost mutation: Your flesh is heat resistant. (rF+) [potion
                  | of mutation]
  3770 | D:4      | Gained mutation: You are partially covered in large bone
                  | plates. (SH +4) [potion of mutation]
  3835 | D:5      | Entered Level 5 of the Dungeon
  3932 | D:5      | XOM: summons friendly iron imp
  4080 | D:5      | XOM: polymorph hound -> bat
  4173 | D:5      | Reached skill level 9 in Unarmed Combat
  4204 | D:5      | Noticed Blork the orc
  4213 | D:5      | Killed Blork the orc
  4214 | D:5      | Reached XP level 8. HP: 52/75 MP: 8/8
  4343 | D:5      | XOM: noise
  4358 | D:5      | Identified a scroll of acquirement
  4358 | D:5      | Acquired the ring of Temptation {rC+ EV+5 Dex-3 Slay+4}
  4524 | D:5      | XOM: cleaving
  4526 | D:5      | Reached skill level 10 in Unarmed Combat
  4553 | D:5      | XOM: cleaving
  4751 | D:6      | Noticed Duvessa
  4751 | D:6      | Noticed Dowan
  4751 | D:6      | XOM: confuse monster(s)
  4756 | D:6      | Killed Dowan
  4761 | D:6      | Killed Duvessa
  4835 | D:6      | Reached skill level 11 in Unarmed Combat
  4983 | D:6      | XOM: 1-stop teleportation journey
  5145 | D:6      | a steam dragon changed into a glowing shapeshifter
  5145 | D:6      | Noticed a glowing shapeshifter (glowing shapeshifter)
  5145 | D:6      | XOM: polymorph steam dragon -> glowing shapeshifter
  5145 | D:6      | a glowing shapeshifter changed into a bombardier beetle
  5379 | D:7      | XOM: stealth player
  5409 | D:7      | XOM: polymorph iguana -> adder
  5421 | D:7      | Found a sand-covered staircase.
  5429 | Ossuary  | Entered an ossuary
  5466 | Ossuary  | Reached XP level 9. HP: 78/82 MP: 9/9
  5551 | Ossuary  | Reached skill level 12 in Unarmed Combat
  5655 | D:7      | XOM: 7-stop teleportation journey
  5670 | D:7      | Noticed Pikel
  5675 | D:7      | XOM: divination: detect creatures
  5682 | D:7      | Killed Pikel
  5789 | D:7      | Reached skill level 13 in Unarmed Combat
  6276 | D:8      | XOM: summons friendly ufetubus
  6294 | D:8      | XOM: torment (25/82 hp)
  6330 | D:8      | XOM: give mutation
  6330 | D:8      | Gained mutation: You have a pair of small horns on your
                  | head. [Xom's mischief]
  6448 | D:8      | Reached XP level 10. HP: 84/92 MP: 10/10
  6451 | D:8      | Reached skill level 14 in Unarmed Combat
  6958 | D:9      | Reached skill level 15 in Unarmed Combat
  7153 | D:9      | XOM: noise
  7190 | D:9      | Found a runed translucent door.
  7190 | D:9      | Found a shimmering altar of Xom.
  7190 | D:9      | Noticed a +1 quarterstaff of chaos
  7190 | D:9      | Noticed Burzz's ghost (novice MiFi)
  7209 | D:9      | Noticed a gargoyle
  7214 | D:9      | Killed a gargoyle
  7215 | D:9      | Reached skill level 16 in Unarmed Combat
  7248 | D:9      | Reached XP level 11. HP: 99/99 MP: 11/11
  7323 | D:9      | XOM: give mutations
  7323 | D:9      | Lost mutation: You are clumsy. (Dex -2) [Xom's mischief]
  7323 | D:9      | Lost mutation: You expend magic power (3 MP) to strengthen
                  | your wands. [Xom's mischief]
  7323 | D:9      | Gained mutation: Your spells are a little harder to cast,
                  | but a little more powerful. [Xom's mischief]
  7323 | D:9      | Gained mutation: You are mostly covered in iridescent
                  | scales. (AC +4) [Xom's mischief]
  7458 | D:9      | Found Ifapt's Magic Scroll Emporium.
  7461 | D:9      | Bought a scroll of identify for 24 gold pieces
  7461 | D:9      | Bought a scroll of identify for 24 gold pieces
  7494 | D:9      | XOM: give mutations
  7494 | D:9      | Gained mutation: Your skin changes colour to match your
                  | surroundings (Stealth+). [Xom's mischief]
  7494 | D:9      | Lost mutation: You have a pair of small horns on your head.
                  | [Xom's mischief]
  7543 | D:9      | XOM: divination: detect items
  7602 | D:9      | Noticed Erica
  7606 | D:9      | XOM: divination: detect items
  7609 | D:9      | Killed Erica
  7610 | D:9      | Reached skill level 17 in Unarmed Combat
  7682 | D:9      | XOM: divination: magic mapping
  7691 | D:9      | Found a staircase to the Lair.
  7932 | Lair:1   | Entered Level 1 of the Lair of Beasts
  7991 | Lair:1   | Noticed a five-headed hydra
  7999 | Lair:1   | Killed a five-headed hydra
  8226 | Lair:1   | XOM: stat loss: -1 Int (13/14)
  8233 | Lair:1   | XOM: cleaving
  8236 | Lair:1   | Reached skill level 18 in Unarmed Combat
  8342 | Lair:1   | XOM: blink monster(s)
  8569 | Lair:1   | a yak changed into a fire crab
  8569 | Lair:1   | Noticed a fire crab
  8569 | Lair:1   | XOM: polymorph yak -> fire crab
  8576 | Lair:1   | Killed a fire crab
  8871 | Lair:2   | You fall into a shaft and drop 2 floors!
  8874 | Lair:4   | Noticed a seven-headed hydra
  8883 | Lair:4   | Killed a seven-headed hydra
  8884 | Lair:4   | Reached XP level 12. HP: 63/106 MP: 12/12
  9013 | Lair:4   | Found a snail-covered altar of Cheibriados.
  9038 | Lair:5   | Entered Level 5 of the Lair of Beasts
  9052 | Lair:4   | Reached skill level 19 in Unarmed Combat
  9057 | Lair:4   | XOM: repel stairs
  9126 | Lair:4   | XOM: summons friendly orange demon
  9282 | Lair:4   | XOM: repel stairs
  9339 | Lair:4   | Reached skill level 20 in Unarmed Combat
  9466 | Lair:4   | Found a viscous altar of Jiyva.
  9466 | Lair:4   | Found a staircase to the Slime Pits.
  9580 | Lair:4   | XOM: scenery: create altars
  9716 | Lair:3   | XOM: summons friendly ufetubus
  9749 | Lair:3   | XOM: blink monster(s)
  9755 | Lair:3   | XOM: summons 12 friendly demons
  9895 | Lair:3   | Gained mutation: You can use your snake-like lower body to
                  | constrict enemies. [Naga growth]
  9895 | Lair:3   | Reached XP level 13. HP: 105/113 MP: 13/13
  9929 | Lair:3   | Reached skill level 21 in Unarmed Combat
 10023 | Lair:3   | Found a staircase to the Swamp.
 10189 | Lair:3   | Found a hole to the Spider Nest.
 10196 | Lair:3   | XOM: smoke on damage
 10197 | Lair:3   | XOM: smoke on damage
 10259 | Lair:3   | XOM: god gift: wand of roots (5)
 10473 | Lair:4   | XOM: god gift: wand of mindburst (6)
 10509 | Lair:4   | XOM: give mutations
 10509 | Lair:4   | Gained mutation: You are agile. (Dex +4, Str/Int -1) [Xom's
                  | grace]
 10509 | Lair:4   | Gained mutation: You are somewhat resistant to further
                  | mutation. [Xom's grace]
 10855 | Lair:4   | XOM: cloud trail
 11050 | Lair:5   | XOM: cast spell 'Iskenderun's Battlesphere'
 11057 | Lair:5   | XOM: torment (40/113 hp)
 11258 | Lair:5   | XOM: cast spell 'Chain of Chaos'
 11263 | Lair:5   | XOM: cast spell 'Animate Armour'
 11274 | Lair:5   | Reached skill level 22 in Unarmed Combat
 11286 | Lair:5   | XOM: divination: magic mapping
 11287 | Lair:5   | XOM: potion effect (attraction)
 11304 | Lair:5   | XOM: potion effect (curing)
 11307 | Lair:5   | XOM: potion effect (invisibility)
 11387 | Lair:5   | XOM: noise
 11392 | Lair:5   | XOM: potion effect (brilliance)
 11415 | Lair:5   | XOM: 4-stop teleportation journey
 11424 | Lair:5   | XOM: divination: detect items
 11459 | Lair:5   | XOM: polymorph yak -> bullfrog
 11481 | Lair:5   | Reached skill level 5 in Fighting
 11504 | Lair:5   | XOM: confuse monster(s)
 11544 | Lair:5   | XOM: enchant monster (good)
 11545 | Lair:5   | XOM: polymorph yak -> hog
 11558 | Lair:5   | Reached XP level 14. HP: 127/132 MP: 14/14
 11561 | Lair:5   | XOM: potion effect (invisibility)
 11764 | Lair:5   | Noticed a dire elephant
 11764 | Lair:5   | Noticed a dire elephant
 11818 | Lair:5   | XOM: fog
 11833 | Lair:5   | XOM: give mutation
 11833 | Lair:5   | Gained mutation: You passively map a small area around you.
                  | [Xom's grace]
 11838 | Lair:5   | XOM: smoke on damage
 11847 | Lair:5   | XOM: give mutations
 11847 | Lair:5   | Gained mutation: You are completely covered in iridescent
                  | scales. (AC +6) [Xom's grace]
 11847 | Lair:5   | Gained mutation: Your mind is acute. (Int +4, Str/Dex -1)
                  | [Xom's grace]
 11940 | Lair:5   | XOM: potion effect (curing)
 12068 | Lair:5   | XOM: scenery: create altars
 12076 | Lair:5   | XOM: divine lightning
 12089 | Lair:5   | XOM: destruction
 12093 | Lair:5   | XOM: polymorph cane toad -> shapeshifter
 12220 | Lair:5   | XOM: god gift: scroll of noise
 12338 | Lair:5   | XOM: silly message
 12360 | Lair:5   | XOM: divination: detect creatures
 12369 | Lair:5   | Reached skill level 10 in Fighting
 12369 | Lair:5   | XOM: noise
 12425 | Lair:5   | Reached skill level 1 in Evocations
 12455 | Lair:5   | XOM: potion effect (brilliance)
 12460 | Lair:5   | Killed a dire elephant
 12470 | Lair:5   | XOM: scenery: 4 doors close
 12478 | Lair:5   | Slain by a dire elephant

Illustrated notes

Levels and vault maps discovered:
D:1:      noname_arrival_rooms_in_the_neighbourhood, layout_basic,
          minmay_hexomino_u4
D:2:      layout_basic
D:3:      minmay_inner_zag, layout_basic, hellmonk_ecumenical_altar_lost_god,
          minivault_27
D:4:      layout_loops_cross, minitemple, minmay_temple_entry_overgrown,
          serial_forest, infiniplex_forest_clump_medium,
          infiniplex_forest_end_double, infiniplex_forest_lined_1,
          infiniplex_forest_straight_3, infiniplex_forest_lined_1
D:5:      layout_loops_ring, uniq_blork_the_orc
D:6:      layout_loops_cross, uniq_duvessa
D:7:      layout_loops_ring, nicolae_ossuary_entry_giza, uniq_pikel
D:8:      layout_basic
D:9:      layout_loops_ring, grunt_lair_entry_orc_guard_hut, ebering_ghost_xom,
          serial_shops, nicolae_shop_real_fake_doors, hangedman_weighted_door,
          einodemon_armed_red_devil_minivault, uniq_erica
Lair:1:   layout_concentric_octagons
Lair:2:   layout_cave_pods, grunt_megastairs_5
Lair:3:   layout_chaotic_city, mainiacjoe_swamp_entry_angry_trees,
          hellmonk_spider_entry_not_the_bees, infiniplex_staircase_pool_2,
          lemuel_fruit_fields
Lair:4:   layout_roguey, slime_entry_2, special_room [special_room_bee],
          gauntlet_entry_generic, minmay_holes, lemuel_centaur_altar
Lair:5:   due_jungle_book, layout_misc_corridors, hellmonk_guarded_unrand_vines

Skill      XL: |  1  2  3  4  5  6  7  8  9 10 11 12 13 14 |
---------------+-------------------------------------------+-----
Unarmed Combat | 4 5 6 7 9 11 13 16 18 20 22 | 22.4
Fighting       | 6 10 | 10.0
Evocations     | 3 |  3.1
Armour         | |  1.5
Dodging        | |  0.7

Action                     |  1- 3 |  4- 6 |  7- 9 | 10-12 | 13-15 || total
---------------------------+-------+-------+-------+-------+-------++-------
  Melee: Unarmed           |   101 |    67 |   207 |   321 |   327 ||  1023
         Punch             |     3 |     2 |    19 |    32 |    62 ||   118
         Peck              |       |       |     5 |       |       ||     5
         Headbutt          |       |       |       |    17 |       ||    17
         Constrict         |       |       |       |       |    63 ||    63
  Throw: Throwing net      |       |       |       |       |     1 ||     1
Ability: Spit Poison       |    21 |    26 |    30 |    47 |    43 ||   167
  Evoke: Tin of tremorston |       |       |       |     2 |       ||     2
    Use: Potion            |     1 |     3 |     3 |       |     2 ||     9
         Scroll            |       |     4 |     9 |     4 |     8 ||    25
   Stab: Sleeping          |       |       |     2 |       |       ||     2
         Confused          |       |       |     1 |       |     1 ||     2
         Distracted        |       |       |       |     2 |       ||     2
         Invisible         |       |       |       |       |     2 ||     2
 Armour: Leather armour    |   107 |    37 |    91 |   217 |   177 ||   629
  Dodge: Dodged            |    80 |    20 |    58 |   183 |   137 ||   478
  Block: Other             |       |       |    19 |    58 |    38 ||   115
